Map: Ice and Chrome LE

Players

shimizu

  • Race: Terran Terran
  • League: Master
  • Spawn Location: 1:00

FeEbLeNFraiL - Winner!

  • Race: Protoss Protoss
  • League: Master
  • Spawn Location: 7:00

VOD

Have the link to the VOD?

Description

Time

  • Played on: Aug. 29, 2020, 2:58 a.m.
  • Length: 5:07
Show
View Real Time Build Order
Export as new Build Order

shimizu Terran 

Build Orders: Gas First Reaper Expand 

Get SALT Encoding   

  12  0:01  SCV  
  13  0:13  SCV  
  14  0:19  Supply Depot  
  14  0:25  SCV  
  15  0:30  Refinery  
  15  0:40  SCV  
  16  0:45  Barracks  
  16  0:52  SCV  
  17  1:05  Supply Depot  
  17  1:18  SCV  
  18  1:33  Reaper  
  19  1:41  Orbital Command  
  19  2:06  SCV  
  20  2:14  Command Center  
  20  2:18  SCV  
  21  2:26  Factory  
  21  2:31  Barracks Tech Lab, SCV  
  22  2:38  Supply Depot  
  22  2:43  SCV  
  23  2:48  Refinery  
  23  2:55  SCV  
  23  2:58  Barracks Reactor  
  24  3:07  SCV  
  25  3:19  SCV  
  26  3:22  Cyclone  
  29  3:31  SCV  
  29  3:34  Marine x2  
  30  3:35  Refinery  
  30  3:36  Refinery  
  32  3:43  SCV  
  32  3:44  Orbital Command  
  32  3:48  Starport  
  31  3:55  SCV  
  31  4:02  Marine x2  
  32  4:07  SCV  
  34  4:11  SCV  
  35  4:19  SCV  
  35  4:23  SCV  
  37  4:30  Marine x2  
  39  4:32  SCV  
  39  4:33  Factory Tech Lab  
  39  4:35  SCV  
  43  4:44  SCV  
  44  4:47  SCV  
  44  4:48  Supply Depot  
  44  4:49  Supply Depot  
Show
View Real Time Build Order
Export as new Build Order

FeEbLeNFraiL Protoss - Winner!

Build Orders: Oracle Opening 

Get SALT Encoding   

  12  0:01  Probe  
  13  0:13  Probe  
  14  0:23  Pylon  
  14  0:25  Probe  
  15  0:41  Probe  
  16  0:43  Gateway  
  16  0:49  Pylon  
  16  0:53  Probe  
  17  0:59  Assimilator  
  17  1:05  Probe  
  18  1:12  Gateway  
  18  1:17  Probe  
  19  1:24  Assimilator  
  18  1:36  Cybernetics Core  
  18  1:44  Probe  
  19  2:03  Nexus  
  19  2:07  Pylon  
  19  2:10  Adept (Chrono Boost)  
  21  2:26  Stargate  
  21  2:46  Nexus  
  21  2:47  Warp Gate  
  21  3:06  Probe  
  21  3:08  Oracle (Chrono Boost)  
  24  3:19  Probe (Chrono Boost)  
  25  3:22  Adept  
  27  3:28  Probe (Chrono Boost)  
  28  3:35  Oracle (Chrono Boost)  
  31  3:47  Pylon  
  31  3:57  Probe  
  32  4:03  Oracle (Chrono Boost)  
  35  4:12  Probe x2  
  37  4:23  Twilight Council  
  37  4:31  Gateway  
  37  4:37  Pylon  
  37  4:41  Probe  
  37  4:43  Probe  
  39  4:53  Probe  
Tags
 
Add a new tag
Caveats
  • Supply blocks, unpowered buildings, or Contaminate may cause inaccurate times.
  • Supply counts are checked every 10 seconds.